 Dungeon Crawl Stone Soup version 0.27-a0-1051-g288ea87c7c (webtiles) character file.

Game seed: 4268251155278868944

3797 porpoise the Fighter (level 10, -4/76 HPs)
             Began as a Djinni Venom Mage on Apr 20, 2021.
             Was a Follower of Makhleb.
             Slain by a skeletal warrior
             ... wielding a +0 mace
              (24 damage)
             ... on level 7 of the Dungeon on Apr 21, 2021.
             The game lasted 00:38:11 (10655 turns).

porpoise the Fighter (Djinni Venom Mage)           Turns: 10655, Time: 00:38:12

Health: -4/76      AC:  4    Str:  7    XL:     10   Next: 16%
Gold:   262        EV: 14    Int: 20    God:    Makhleb [*.....] SH:  5 Dex: 14

rFire    + + .     SeeInvis .   w - +2 flail (holy)
rCold    . . .     Faith    .   (no shield)
rNeg     . . .     Spirit   .   c - +0 robe
rPois    ∞         Reflect  +   q - +0 helmet
rElec    .         Harm     .   p - +0 cloak
rCorr    .         Rampage  .   (no gloves)
Will     ++...                  (boots unavailable)
Stlth    +++.......             E - amulet of reflection
HPRegen  0.22/turn              K - ring of willpower
MPRegen  0.00/turn              G - ring of protection from cold

@: flying, very slightly contaminated, hasted, studying Slings, invisible, very
quick
A: fire resistance 2, cold vulnerability 1, float, innate caster, hp casting,
extra vitality 1
a: Renounce Religion


You were on level 7 of the Dungeon.
You worshipped Makhleb.
Makhleb was aware of your devotion.
You visited 2 branches of the dungeon, and saw 9 of its levels.

You collected 316 gold pieces.
You spent 54 gold pieces at shops.

Inventory:

Hand Weapons
 a - a +5 short sword of freezing
 w - a +2 flail of holy wrath (weapon)
 M - a +2 short sword of draining
Missiles
 d - 68 sling bullets
 e - 198 stones
 f - 165 arrows
 j - 3 silver javelins (quivered)
 s - 48 bolts
 y - 15 poisoned darts
 A - 3 boomerangs
 H - 2 silver boomerangs
Armour
 c - a +0 robe (worn)
 p - a +0 cloak (worn)
 q - a +0 helmet (worn)
Magical Staves
 v - a staff of fire
 F - a staff of cold
Jewellery
 z - a ring of wizardry
 E - an amulet of reflection (around neck)
 G - a ring of protection from cold (right hand)
 I - a +6 ring of dexterity
 K - a ring of willpower (left hand)
Scrolls
 b - 2 scrolls of enchant weapon
 g - 3 scrolls of teleportation
 h - a scroll of torment
 k - a scroll of brand weapon
 r - a scroll of immolation
 x - a scroll of vulnerability
 B - a scroll of silence {unknown}
 D - a scroll of magic mapping {unknown}
 J - a scroll of fog {unknown}
Potions
 i - 2 potions of brilliance
 l - 2 potions of curing
 m - a potion of haste
 n - 2 potions of heal wounds
 o - a potion of attraction
 t - a potion of ambrosia
 u - a potion of resistance


   Skills:
 + Level 8.2 Fighting
 - Level 5.0 Dodging
 - Level 5.0 Stealth
 - Level 7.0 Spellcasting
 + Level 2.5 Invocations
 - Level 5.0 Evocations


You had 2 spell levels left.
You knew the following spells:

 Your Spells              Type           Power      Damage    Failure   Level
a - Sting                 Tmut/Pois      100%       1d8       1%          1
b - Searing Ray           Conj           70%        3d5       1%          2
i - Ignite Poison         Fire/Tmut/Pois 35%        N/A       1%          3
k - Animate Skeleton      Necr           70%        N/A       1%          1
m - Mephitic Cloud        Conj/Pois/Air  35%        N/A       1%          3
o - Olgreb's Toxic Radia  Pois           35%        N/A       5%          4
s - Static Discharge      Conj/Air       35%        N/A       1%          2
t - Tukima's Dance        Hex            35%        N/A       1%          3
v - Poisonous Vapours     Pois/Air       70%        N/A       1%          2
Your spell library was empty.

Dungeon Overview and Level Annotations

Branches:
Dungeon (8/15)             Temple (1/1) D:5
   Lair: D:8-11

Altars:
Ashenzari
Cheibriados
Dithmenos
Elyvilon
Fedhas
Gozag
Hepliaklqana
Kikubaaqudgha
Makhleb
Nemelex Xobeh
Okawaru
Qazlal
Ru
Sif Muna
Trog
Uskayaw
Vehumet
Wu Jian
Xom
Yredelemnul
Zin
The Shining One

Shops:
D:2 *


Innate Abilities, Weirdness & Mutations

You are immune to poison.
Your flesh is very heat resistant. (rF++)
You are vulnerable to cold. (rC-)
You float through the air rather than walking.
You learn spells naturally, not from books.
Your magical power is your life essence.
You have superior vitality. (+4 HP)


Message History

You throw a silver javelin.
The silver javelin pierces through the skeletal warrior but does no damage.
The skeletal warrior is lightly damaged.
Casting: Tukima's Dance (safe; 1% risk of failure)
Confirm with . or Enter, or press ? or * to list all spells.
Aiming: Tukima's Dance (safe; 1% risk of failure)
Press: ? - help, Shift-Dir - straight line, f/p - skeletal warrior
Aim: a skeletal warrior, wielding a +0 mace (chance to affect: 11%)
The skeletal warrior resists with almost no effort.
Casting: Tukima's Dance (safe; 1% risk of failure)
Confirm with . or Enter, or press ? or * to list all spells.
Aiming: Tukima's Dance (safe; 1% risk of failure)
Press: ? - help, Shift-Dir - straight line, f/p - skeletal warrior
Aim: a skeletal warrior, wielding a +0 mace (chance to affect: 11%)
The skeletal warrior resists with almost no effort.
You hit the skeletal warrior but do no damage.
The skeletal warrior hits you with a +0 mace!
You hit the skeletal warrior.
The skeletal warrior convulses.
The skeletal warrior is lightly damaged.
The skeletal warrior hits you with a +0 mace!!
You block the skeletal warrior's attack.
You hit the skeletal warrior but do no damage.
The skeletal warrior is lightly damaged.
You block the skeletal warrior's attack.
You feel yourself speed up.
The skeletal warrior hits you with a +0 mace!!
* * * LOW HITPOINT WARNING * * *
Press: ? - help, v - describe, . - travel
Here: a skeletal warrior, wielding a +0 mace (lightly damaged)
The floor.
You hit the skeletal warrior.
The skeletal warrior convulses.
The skeletal warrior is lightly damaged.
The skeletal warrior completely misses you.
The skeletal warrior hits you but does no damage.
You fade into invisibility!
You are very lightly contaminated with residual magic.
You closely miss the skeletal warrior.
The skeletal warrior is lightly damaged.
The skeletal warrior hits you with a +0 mace!!
You die...

...........<...#.### ###
....#.##...........### ###.##
...##................#####....##
.....#...........>....#.#....[.#
.....#..................#.....##
.....#.........#............###
#...##.>.......#.......##..###
#..##.....##...........##....#
#...#...####....@.......##...#
).....#####....#z.###..####..#
..#....###....##....#.(###..##
.##.....#...####.........#.##
###....#....## ##..#...#...###
.##..........####..#...#.....#
..##...#..##.##..........##.##
..###.##..##..#..#......##..###
...##..##.###...####....##....#


You could see a skeletal warrior.

Vanquished Creatures
  A troll (D:7)
  Sigmund (D:2)
  A steam dragon (D:7)
  3 vampire mosquitoes
  A water moccasin (D:8)
  2 ice beasts
  An orc warrior (D:7)
  2 necrophages (D:6)
  A sky beast (D:6)
  A hornet zombie (D:4)
  2 ogres
  A centaur (D:7)
  A phantom (D:4)
  Blork the orc (D:5)
  A bullfrog (D:7)
  A wyvern zombie (D:8)
  A gnoll sergeant (D:8)
  2 scorpions (D:4)
  A water moccasin zombie (D:5)
  A wyvern skeleton (D:7)
  4 killer bees (D:8)
  5 wights (D:8)
  2 howler monkeys
  A bullfrog zombie (D:6)
  A jelly (D:6)
  Crazy Yiuf (D:2)
  2 gnoll shamans
  2 orc priests (D:5)
  A bullfrog skeleton (D:6)
  A centaur zombie (D:6)
  2 hounds (D:5)
  3 iguanas
  6 orc wizards
  A killer bee zombie (D:7)
  2 hound zombies (D:5)
  6 adders
  15 gnolls
  A howler monkey skeleton (D:4)
  2 ufetubi
  2 worms
  A dart slug (D:1)
  25 orcs
  8 ball pythons
  7 bats
  3 endoplasms
  A giant cockroach (D:2)
  6 goblins
  2 hobgoblins
  3 jackals (D:2)
  3 quokkas
  2 frilled lizards
  7 kobolds
  4 rats
158 creatures vanquished.

Notes
Turn   | Place    | Note
-------+----------+-------------------------------------------
     0 | D:1      | porpoise the Djinni Venom Mage began the quest for the Orb.
     0 | D:1      | Reached XP level 1. HP: 15/15 MP: 0/0
   318 | D:1      | Reached skill level 1 in Fighting
   318 | D:1      | Reached XP level 2. HP: 21/22 MP: 0/0
   959 | D:1      | Found a faded altar of an unknown god.
   969 | D:1      | Reached XP level 3. HP: 20/28 MP: 0/0
   969 | D:1      | Learned a level 1 spell: Animate Skeleton
  1342 | D:2      | Reached skill level 2 in Fighting
  1495 | D:2      | Found Jin Heb's Assorted Antiques.
  1508 | D:2      | Bought a scroll labelled KIUCUWUONUT for 18 gold pieces
  1508 | D:2      | Bought a scroll labelled YTYCUU TAOTT for 18 gold pieces
  1508 | D:2      | Bought a scroll labelled FAETHR BONAVUPLEO for 18 gold
                  | pieces
  1574 | D:2      | Found a runed translucent door.
  1575 | D:2      | Noticed Crazy Yiuf
  1967 | D:2      | Noticed Sigmund
  1979 | D:2      | Killed Sigmund
  1980 | D:2      | Reached skill level 3 in Fighting
  1980 | D:2      | Reached XP level 4. HP: 28/37 MP: 0/0
  1980 | D:2      | Reached XP level 5. HP: 31/41 MP: 0/0
  1980 | D:2      | Learned a level 2 spell: Static Discharge
  2297 | D:2      | Killed Crazy Yiuf
  2298 | D:2      | Reached XP level 6. HP: 40/47 MP: 0/0
  2452 | D:3      | Reached skill level 4 in Fighting
  3499 | D:4      | Found a broken altar of Ashenzari.
  3979 | D:4      | Reached XP level 7. HP: 44/53 MP: 0/0
  3979 | D:4      | Learned a level 2 spell: Searing Ray
  3982 | D:4      | Reached skill level 5 in Spellcasting
  4177 | D:4      | Reached skill level 5 in Fighting
  5228 | D:5      | Entered Level 5 of the Dungeon
  5288 | D:5      | Reached skill level 6 in Fighting
  5288 | D:5      | Reached XP level 8. HP: 54/61 MP: 0/0
  5992 | D:5      | Found a staircase to the Ecumenical Temple.
  6053 | Temple   | Entered the Ecumenical Temple
  6236 | Temple   | Became a worshipper of Makhleb the Destroyer
  6339 | D:5      | Noticed Blork the orc
  6342 | D:5      | Killed Blork the orc
  6343 | D:5      | Reached skill level 7 in Fighting
  7240 | D:6      | Reached XP level 9. HP: 65/68 MP: 0/0
  7240 | D:6      | Learned a level 3 spell: Tukima's Dance
  7882 | D:7      | Reached skill level 5 in Dodging
  7966 | D:7      | Reached skill level 1 in Evocations
  8018 | D:7      | Reached * piety under Makhleb
  8118 | D:7      | Found a glowing silver altar of Zin.
  8118 | D:7      | Found an opulent altar of Gozag.
  8118 | D:7      | Found a basalt altar of Yredelemnul.
  8798 | D:7      | Noticed a troll
  8802 | D:7      | Killed a troll
  9241 | D:8      | Reached skill level 5 in Stealth
  9961 | D:8      | Reached skill level 5 in Evocations
  9961 | D:8      | Reached XP level 10. HP: 68/75 MP: 0/0
  9965 | D:8      | Reached skill level 1 in Invocations
 10040 | D:8      | Reached skill level 8 in Fighting
 10150 | D:8      | Noticed a skeletal warrior
 10156 | D:8      | Noticed a skeletal warrior
 10157 | D:8      | Noticed a skeletal warrior
 10158 | D:8      | Noticed a skeletal warrior
 10655 | D:7      | Slain by a skeletal warrior

Illustrated notes

Levels and vault maps discovered:
D:1:      minmay_arrival_glassed_features, layout_basic,
          ebering_ecumenical_altar_mist
D:2:      layout_rooms, serial_shops, shop, kennysheep_generic_room_10,
          uniq_crazy_yiuf_cottage, uniq_sigmund
D:3:      layout_basic
D:4:      layout_basic, nicolae_ashenzari_skybound, minmay_manual_mullet
D:5:      layout_basic, minmay_temple_entry_statues_pillars, uniq_blork_the_orc
D:6:      layout_cave_pods
D:7:      layout_cave_pools, gammafunk_temple_overflow_claw
D:8:      layout_cave_pools, serial_shops, shop
Temple:   dpeg_five_rooms_temple

Skill      XL: |  1  2  3  4  5  6  7  8  9 10 |
---------------+-------------------------------+-----
Fighting       | 1 3 4 6 7 8 |  8.2
Spellcasting   | 3 4 5 7 |  7.0
Dodging        | 4 5 |  5.0
Stealth        | 2 5 |  5.0
Evocations     | 5 |  5.0
Invocations    | 2 |  2.5

Action                   |  1- 3 |  4- 6 |  7- 9 | 10-12 || total
-------------------------+-------+-------+-------+-------++-------
Melee: Short sword       |    25 |    10 |     5 |       ||    40
       Flail             |       |       |       |     5 ||     5
Throw: Javelin           |     1 |     1 |     5 |     3 ||    10
       Boomerang         |       |       |     3 |     4 ||     7
 Cast: Sting             |    46 |     6 |       |       ||    52
       Poisonous Vapours |    11 |    29 |    23 |       ||    63
       Ignite Poison     |     1 |     4 |    20 |     3 ||    28
       Animate Skeleton  |     1 |     1 |     1 |       ||     3
       Static Discharge  |       |     7 |     7 |       ||    14
       Searing Ray       |       |       |    58 |     6 ||    64
       Olgreb's Toxic Ra |       |       |    11 |     2 ||    13
       Tukima's Dance    |       |       |       |     4 ||     4
  Use: Scroll            |       |     8 |     9 |     2 ||    19
       Potion            |       |     1 |       |     2 ||     3
 Stab: Sleeping          |       |       |     1 |       ||     1
Armor: Robe              |     8 |     3 |    12 |     1 ||    24
Dodge: Dodged            |    18 |    12 |    38 |     6 ||    74
Block: Other             |       |       |     8 |     6 ||    14

Table legend: (Time is in decaauts)
 A = Elapsed time spent in this place.
 B = Non-inter-level travel time spent in this place.
 C = Inter-level travel time spent in this place.
 D = Time resting spent in this place.
 E = Time spent auto-exploring this place.
 F = Levels seen in this place.
 G = Mean time per level.
                   A        B        C        D        E       F      G
               +--------+--------+--------+--------+--------+-----+--------+
         Total |  10665 |  10198 |    467 |   4692 |   4387 |   9 | 1185.0 |
       Dungeon |  10448 |  10014 |    434 |   4692 |   4211 |   8 | 1306.0 |
        Temple |    216 |    183 |     33 |      0 |    176 |   1 |  216.0 |
               +--------+--------+--------+--------+--------+-----+--------+

Top non-repeatable levels by time:
     D:7: 2530 daAuts
     D:4: 1968 daAuts
     D:5: 1487 daAuts
     D:1: 1210 daAuts
     D:2: 1194 daAuts
     D:6: 944 daAuts
     D:3: 859 daAuts
     D:8: 254 daAuts
  Temple: 216 daAuts
